 Dungeon Crawl Stone Soup version 0.30.1-11-g7821555f0a (webtiles) character file.

Game seed: 6624713639946112007

837 Peloso the Slasher (level 7, -1/57 (61) HPs)
             Began as a Minotaur Fighter on Oct 31, 2023.
             Slain by a gnoll
             ... wielding a +2 heavy halberd
              (9 damage)
             ... on level 6 of the Dungeon.
             The game lasted 00:09:09 (4462 turns).

Peloso the Slasher (Minotaur Fighter)               Turns: 4462, Time: 00:09:09

HP:   -1/57 (61)    AC: 12    Str: 21    XL:     7   Next: 66%
MP:   6/6           EV:  8    Int:  5    God:
Gold: 212           SH:  5    Dex: 11    Spells: 6/6 levels left

rFire   . . .        a - +0 long sword
rCold   . . .        d - +0 buckler
rNeg    . . .        l - +0 chain mail
rPois   .            (helmet restricted)
rElec   .            (no cloak)
rCorr   .            c - +0 pair of gloves
SInv    .            k - +0 pair of boots
Will    .....        (no amulet) Stlth
                     (no ring)
HPRegen 0.29/turn    (no ring)
MPRegen 0.10/turn

%: no passive effects
@: mighty, drained
A: horns 2, retaliatory headbutt
a: no special abilities


You were on level 6 of the Dungeon.
You visited 1 branch of the dungeon, and saw 6 of its levels.

You collected 266 gold pieces.
You spent 54 gold pieces at shops.

Inventory:

Hand Weapons
 a - a +0 long sword (weapon)
Armour
 b - a +0 scale mail
 c - a +0 pair of gloves (worn)
 d - a +0 buckler (worn)
 k - a +0 pair of boots (worn)
 l - a +0 chain mail (worn)
Jewellery
 o - a ring of magical power
Scrolls
 e - a scroll of blinking {unknown}
 f - a scroll of brand weapon {unknown}
 h - 2 scrolls of enchant armour {unknown}
 i - 5 scrolls of identify
 m - a scroll of vulnerability {unknown}
 n - a scroll of poison {unknown}
 q - 3 scrolls of immolation {unknown}
 r - 3 scrolls of enchant weapon {unknown}
Potions
 j - 2 potions of might


   Skills:
 + Level 5.3 Fighting
 + Level 7.3 Long Blades
 + Level 6.0 Armour
 + Level 1.8 Dodging
 + Level 0.3 Stealth
 + Level 5.2 Shields


You had 6 spell levels left.
You didn't know any spells.
Your spell library contained the following spells:

 Spells                   Type           Power      Damage    Failure   Level
 Kiss of Death            Conj/Necr      0%         2d5       99%         1
 Blink                    Tloc           0%         N/A       99%         2
 Lesser Beckoning         Tloc           0%         N/A       99%         2
 Momentum Strike          Conj/Tloc      0%         3d8       99%         2
 Call Canine Familiar     Summ           0%         N/A       100%        3
 Confusing Touch          Hex            0%         N/A       100%        3
 Frozen Ramparts          Ice            0%         1d1       100%        3
 Portal Projectile        Hex/Tloc       0%         N/A       100%        3
 Dispel Undead            Necr           0%         3d6       100%        4
 Ice Form                 Ice/Tmut       0%         N/A       100%        4
 Leda's Liquefaction      Hex/Erth       0%         N/A       100%        4
 Summon Ice Beast         Ice/Summ       0%         N/A       100%        4


Dungeon Overview and Level Annotations

Branches:
Dungeon (6/15)
 Temple: D:4-7

Altars:
Ashenzari
Gozag
Kikubaaqudgha
Qazlal
Sif Muna

Shops:
D:4 *


Innate Abilities, Weirdness & Mutations

You have a pair of horns on your head.
You reflexively headbutt those who attack you in melee.


Message History

The wight attacks as you move away!
The wight hits you with a +4 hand axe of freezing!
* * * LOW HITPOINT WARNING * * *
You feel drained.
* * * LOW HITPOINT WARNING * * *
The wight freezes you.
* * * LOW HITPOINT WARNING * * *
You see here 5 stones.
There is an escape hatch in the floor here.
The wight hits you but does no damage.
You slide downwards.
The hatch slams shut behind you.
The gnoll shouts!
You hear a shout!
The wight attacks as you move away! The wight barely misses you.
You furiously retaliate!
You headbutt the wight.
Found a scroll of identify.
A hound comes into view.
The hound barks!
You slash the wight!
The wight is almost destroyed.
You hear a shout!
You block the wight's attack.
You hear a shout!
Unknown command.
You block the hound's attack.
An orc comes into view. It is wielding a +0 dagger.
The orc shouts!
The hound bites you but does no damage.
You barely miss the hound. The hound bites you but does no damage.
An ice beast comes into view.
Unknown command.
You feel very mighty all of a sudden.
The hound bites you but does no damage. x2
Unknown command.
You barely miss the hound. You headbutt the hound!
The hound is heavily wounded.
The hound closely misses you.
Unknown command.
You slash the hound! You headbutt the hound.
You kill the hound!
The gnoll hits you from afar with a +2 heavy halberd!
You die...

##. #.. .. ... ..
..# .# #.###.#
#.##.. .
##.##.#####....
..####..##.z@o..?...
..........g###......
..####.###.# .Y...
#. #.# #..# #. #.#
.# #. ..# # .. ##.
.g . .. #


You could see an ice beast, a wight, a gnoll and an orc.

Vanquished Creatures
  4 scorpions
  2 wights (D:5)
  2 hounds
  A sleepcap (D:5)
  Natasha (twice) (D:2)
  An orc wizard (D:5)
  3 gnolls
  13 adders
  3 worms
  4 dart slugs
  8 orcs
  6 ball pythons
  9 bats
  4 endoplasms
  5 giant cockroaches
  8 goblins
  4 hobgoblins
  5 jackals
  8 kobolds
  4 quokkas
  5 frilled lizards
  4 rats
105 creatures vanquished.

Vanquished Creatures (others)
  Edmund (D:5)
1 creature vanquished.

Grand Total: 106 creatures vanquished

Notes
Turn   | Place    | Note
-------+----------+-------------------------------------------
     0 | D:1      | Peloso the Minotaur Fighter began the quest for the Orb.
     0 | D:1      | Reached XP level 1. HP: 19/19 MP: 0/0
   174 | D:1      | Reached XP level 2. HP: 27/27 MP: 1/1
   954 | D:2      | Reached skill level 3 in Long Blades
   954 | D:2      | Reached XP level 3. HP: 33/33 MP: 2/2
  1281 | D:2      | Reached XP level 4. HP: 40/40 MP: 3/3
  1648 | D:2      | Noticed Natasha
  1680 | D:2      | Killed Natasha
  1681 | D:2      | Reached skill level 4 in Long Blades
  1915 | D:2      | Noticed Natasha
  1919 | D:2      | Killed Natasha
  1920 | D:2      | Reached XP level 5. HP: 46/46 MP: 4/4
  2064 | D:3      | Found a shimmering blue altar of Sif Muna.
  2154 | D:3      | Found a stormy altar of Qazlal.
  2446 | D:3      | Found a broken altar of Ashenzari.
  2471 | D:3      | Reached skill level 5 in Long Blades
  2471 | D:3      | Reached skill level 1 in Dodging
  2471 | D:3      | Reached XP level 6. HP: 46/53 MP: 5/5
  2646 | D:3      | Identified the +4 ring mail of the Great Game {Rampage
                  | rPois rF- Stlth+}
  2977 | D:4      | Found an ancient bone altar of Kikubaaqudgha.
  3351 | D:4      | Reached skill level 6 in Long Blades
  3351 | D:4      | Found Ninnoes's Assorted Antiques.
  3357 | D:4      | Bought a scroll labelled NOYMUKHISHRI for 27 gold pieces
  3357 | D:4      | Bought a scroll labelled YTOSUYFAMI for 27 gold pieces
  3363 | D:4      | Identified the +4 leather armour of Generosity {Will+ Str+2
                  | Int+4 Stlth-}
  3600 | D:4      | Reached skill level 5 in Armour
  3722 | D:5      | Entered Level 5 of the Dungeon
  3773 | D:5      | Found an opulent altar of Gozag.
  3880 | D:5      | Reached XP level 7. HP: 54/60 MP: 6/6
  3895 | D:5      | Noticed Edmund
  3922 | D:5      | Killed Edmund
  3923 | D:5      | Reached skill level 5 in Fighting
  3923 | D:5      | Reached skill level 5 in Shields
  4199 | D:5      | Reached skill level 7 in Long Blades
  4287 | D:5      | HP: 3/61 [poisoned by a scorpion]
  4462 | D:6      | Slain by a gnoll

Illustrated notes

Levels and vault maps discovered:
D:1:      dpeg_arrival_boxes_within_box, layout_basic, chequers_mini_garden
D:2:      minmay_skewed_foursquare, layout_basic, minmay_pentomino_v2,
          uniq_natasha
D:3:      layout_loops_ring, mainiacjoe_overflow_brackets,
          cheibrodos_ashenzari_chains, mainiacjoe_overflow_small_starburst,
          feat_on_display
D:4:      layout_loops_ring, kennysheep_little_box, serial_shops, shop,
          minmay_strange_pillars
D:5:      layout_basic, mainiacjoe_overflow_concentric_impassable, uniq_edmund
D:6:      layout_rooms, chequers_temple_overflow_statue_of_worship,
          minmay_temple_entry_from_below_b

Skill      XL: |  1  2  3  4  5  6  7 |
---------------+----------------------+-----
Fighting       | 4 5 |  5.3
Armour         | 4 5 6 |  6.0
Long Blades    | 3 4 5 6 7 |  7.3
Shields        | 4 5 |  5.2
Dodging        | 1 |  1.8
Stealth        | |  0.3

Action                     |  1- 3 |  4- 6 |  7- 9 || total
---------------------------+-------+-------+-------++-------
  Melee: Long sword        |    96 |   191 |    57 ||   344
         Headbutt          |    12 |    23 |    14 ||    49
    Use: Potion            |     3 |     1 |     4 ||     8
         Scroll            |       |     3 |     1 ||     4
 Armour: Scale mail        |    59 |    11 |       ||    70
         Chain mail        |       |   115 |    37 ||   152
  Dodge: Dodged            |    50 |    75 |    20 ||   145
  Block: Buckler           |    29 |    44 |    17 ||    90
